Map: Acropolis LE

Players

Namshar - Winner!

  • Race: Zerg Zerg
  • League: Grandmaster
  • Spawn Location: 5:00

eonblu

  • Race: Zerg Zerg
  • League: Grandmaster
  • Spawn Location: 11:00

Event: HomeStory Cup XIX

VOD

Have the link to the VOD?

Description

Time

  • Played on: June 28, 2019, 11 a.m.
  • Length: 8:19

All games in this series

Show
View Real Time Build Order
Export as new Build Order

Namshar Zerg - Winner!

Build Orders: Hatch First 

Get SALT Encoding   

  12  0:00  Drone  
  13  0:13  Overlord  
  13  0:17  Drone  
  14  0:31  Drone x2  
  16  0:47  Hatchery  
  15  0:50  Drone  
  15  0:54  Drone  
  17  0:57  Drone  
  18  1:07  Extractor  
  17  1:13  Spawning Pool  
  17  1:16  Drone  
  17  1:18  Drone  
  18  1:28  Drone  
  19  1:39  Drone  
  20  1:50  Overlord  
  20  1:59  Queen x2  
  20  2:00  Zergling x4  
  26  2:08  Metabolic Boost  
  26  2:09  Drone  
  26  2:11  Drone  
  28  2:20  Drone  
  28  2:22  Drone  
  30  2:31  Drone  
  30  2:33  Drone  
  32  2:38  Hatchery  
  32  2:42  Drone  
  32  2:47  Baneling Nest  
  32  2:49  Overlord  
  31  2:53  Drone  
  32  2:59  Drone  
  32  3:04  Queen  
  35  3:13  Zergling x8  
  35  3:18  Zergling x2  
  35  3:19  Zergling x4  
  42  3:26  Overlord  
  42  3:31  Baneling x4  
  42  3:36  Baneling  
  42  3:41  Baneling  
  42  3:44  Drone x6  
  42  3:46  Drone x2  
  50  3:55  Drone  
  51  3:56  Evolution Chamber  
  47  4:15  Drone  
  47  4:16  Drone x9  
  56  4:23  Overlord  
  56  4:26  Overlord  
  56  4:28  Drone x2  
  56  4:29  Extractor  
  56  4:31  Extractor  
  56  4:32  Baneling  
  56  4:35  Drone x2  
  56  4:37  Lair  
  57  4:45  Roach Warren  
  57  4:47  Drone x7  
  62  4:54  Drone x5  
  62  4:57  Overlord  
  67  5:00  Drone  
  67  5:01  Drone, Extractor  
  67  5:02  Extractor  
  67  5:05  Zerg Missile Weapons Level 1  
  67  5:06  Drone x2  
  68  5:11  Zergling x6  
  71  5:21  Zergling x4  
  71  5:26  Baneling  
  72  5:32  Baneling  
  72  5:33  Baneling  
  72  5:35  Glial Reconstitution  
  72  5:37  Drone  
  72  5:38  Drone, Overlord x4  
  72  5:41  Roach  
  72  5:42  Roach x2  
  76  5:58  Roach  
  76  5:59  Roach x6  
  76  6:03  Nydus Network  
  89  6:06  Overlord x2  
  89  6:13  Roach x6  
  101  6:18  Overlord  
  101  6:22  Roach x2  
  105  6:26  Roach  
  105  6:27  Roach x2  
  105  6:30  Roach  
  110  6:34  Roach x6  
  110  6:37  Overseer  
  122  6:41  Overlord  
  122  6:44  Roach x2  
  126  6:47  Nydus Canal  
  126  6:49  Overlord x2  
  126  6:55  Roach x5  
  130  7:02  Nydus Canal  
  130  7:08  Roach  
  124  7:17  Roach x8  
  124  7:22  Roach  
  142  7:26  Roach x2  
  142  7:29  Roach x3  
  136  7:45  Nydus Canal, Roach  
  136  7:46  Roach x6  
  136  7:49  Hatchery, Extractor  
  136  7:51  Drone x2  
  144  8:04  Nydus Canal  
Show
View Real Time Build Order
Export as new Build Order

eonblu Zerg 

Build Orders: Hatch First 

Get SALT Encoding   

  12  0:01  Drone  
  13  0:12  Overlord  
  13  0:20  Drone  
  14  0:30  Drone  
  14  0:31  Drone  
  16  0:49  Hatchery  
  15  0:51  Drone  
  15  0:55  Drone  
  17  0:58  Drone  
  18  1:09  Extractor  
  17  1:13  Spawning Pool  
  17  1:17  Drone  
  17  1:20  Drone  
  18  1:28  Drone  
  19  1:38  Drone  
  20  1:49  Overlord  
  20  2:00  Queen x2  
  24  2:01  Drone  
  24  2:02  Drone  
  26  2:09  Metabolic Boost  
  26  2:10  Drone  
  26  2:11  Drone  
  28  2:27  Hatchery  
  28  2:29  Zergling x2  
  28  2:33  Zergling x2  
  28  2:36  Drone  
  30  2:44  Drone, Baneling Nest  
  30  2:46  Overlord  
  30  2:51  Drone  
  31  3:03  Drone  
  30  3:06  Zergling x6  
  30  3:09  Queen  
  30  3:10  Zergling x2  
  30  3:11  Zergling x2  
  37  3:14  Zergling x2  
  38  3:20  Zergling x4  
  38  3:22  Drone  
  38  3:23  Drone  
  42  3:28  Drone  
  42  3:30  Drone  
  44  3:35  Evolution Chamber  
  44  3:37  Baneling x2  
  44  3:39  Drone  
  44  3:41  Drone  
  44  3:44  Drone  
  46  3:50  Drone  
  47  4:00  Evolution Chamber  
  46  4:03  Drone x5  
  46  4:09  Drone  
  49  4:11  Drone  
  49  4:16  Drone x6  
  49  4:19  Zerg Missile Weapons Level 1  
  49  4:23  Overlord  
  50  4:29  Lair  
  50  4:37  Extractor  
  50  4:38  Extractor  
  48  4:39  Roach Warren  
  48  4:43  Zergling x12  
  52  4:50  Drone x3  
  55  4:57  Overlord x2  
  55  4:58  Drone  
  55  4:59  Drone x2  
  58  5:05  Baneling x2  
  58  5:07  Overlord  
  58  5:11  Baneling  
  53  5:30  Glial Reconstitution  
  53  5:31  Drone x14  
  53  5:32  Drone  
  53  5:33  Drone  
  69  5:38  Drone x2  
  70  5:49  Drone x4  
  73  5:55  Roach  
  73  5:56  Roach x2  
  77  5:57  Extractor  
  77  5:58  Infestation Pit, Extractor  
  77  5:59  Infestation Pit, Extractor  
  77  6:00  Spine Crawler  
  77  6:03  Roach x3  
  79  6:06  Overlord x2  
  79  6:07  Roach  
  81  6:14  Overlord x2  
  81  6:18  Evolution Chamber  
  81  6:28  Roach x7  
  81  6:29  Roach  
  97  6:36  Roach x6  
  109  6:41  Overlord  
  109  6:42  Overlord  
  109  6:43  Overlord  
  109  6:50  Nydus Network  
  108  6:59  Roach x4  
  110  7:07  Roach  
  110  7:08  Roach x6  
  118  7:13  Roach x3  
  112  7:17  Roach x4  
  120  7:31  Roach x3  
  120  7:32  Roach  
  120  7:35  Roach x2  
  132  7:38  Hatchery  
  131  7:46  Overlord x2  
  117  7:59  Roach x3  
Tags
 
Add a new tag
Caveats
  • Supply blocks, unpowered buildings, or Contaminate may cause inaccurate times.
  • Supply counts are checked every 10 seconds.